Cogmind - Beta 14 @@@ ROGUE MODE // 2024.10.08 @ 18:32:15 Player: celerysam Result: Destroyed by G-47 Trooper with Particle Gun Performance ------------- Evolutions (2) 1000 Regions Visited (6) 1200 Robots Destroyed (27) 135 Value Destroyed (677) 677 Prototype IDs (26) 520 Alien Tech Used (0) 0 Bonus (300) 300 TOTAL SCORE: 3832 Bonus ------- Aligned with FarCom 300 Cogmind --------- Core Integrity 0/550 Matter 77/300 Energy 100/100 System Corruption 6% Temperature Cool (9) Movement Hovering (60) Location -8/Materials Parts ------- > --- POWER (1) -------- Backup Power I > --- PROPULSION (4) --- Airjet > --- UTILITY (4) ------ Cryofiber Web > --- WEAPON (2) ------- Backup Laser I Katana > --- INVENTORY (5) ---- Improved Ion Engine Skeleton Box Improved Datajack Peak State ------------ > --- POWER ------------ Cooled Deuterium Engine > --- PROPULSION ------- Improved Hover Unit Improved Hover Unit Improved Hover Unit Improved Hover Unit > --- UTILITY ---------- Medium Storage Unit Signal Interpreter Core Shielding Shield Generator > --- WEAPON ----------- Medium Laser Katana > --- INVENTORY -------- Cooled Deuterium Engine Cooled Deuterium Engine Thermal Generator Cryofiber Web Heat Sink Skeleton Box Beam Rifle Heavy Assault Rifle Improved Datajack [Rating: 25] Favorites ----------- Power Ion Engine Engine Ion Engine Propulsion Improved Hover Unit Leg Titanium Leg Wheel Wheel Hover Unit Improved Hover Unit Flight Unit Flight Unit Utility Shield Generator Device Shield Generator Storage Small Storage Unit Processor Signal Interpreter Protection Core Shielding Weapon Heavy Assault Rifle Energy Gun Medium Laser Energy Cannon Advanced Beam Cannon Ballistic Gun Heavy Assault Rifle Impact Weapon Mace Slashing Weapon Katana Special Melee Weapon Improved Datajack Build | -11 -10 -9 -9 -9 -8 -8 ------- Run | Yrd Mat Mat Min Exi Min Mat Slots Evolved 4 | . . 2 . . . 2 Power . | . . . . . . . Propulsion 2 | . . 1 . . . 1 Utility 2 | . . 1 . . . 1 Weapon . | . . . . . . . Parts Attached 54 | 6 6 4 2 . . 36 Power 6 | 1 . . 1 . . 4 Engine 6 | 1 . . 1 . . 4 Core . | . . . . . . . Reactor . | . . . . . . . Propulsion 20 | 2 1 3 1 . . 13 Treads . | . . . . . . . Leg 2 | . . . . . . 2 Wheel 4 | 2 1 . . . . 1 Hover 6 | . . 3 1 . . 2 Flight 8 | . . . . . . 8 Utility 11 | 1 1 1 . . . 8 Device 6 | . 1 . . . . 5 Storage 2 | 1 . . . . . 1 Processor 1 | . . 1 . . . . Hackware . | . . . . . . . Protection 2 | . . . . . . 2 Artifact . | . . . . . . . Weapon 17 | 2 4 . . . . 11 Energy Gun 4 | 1 . . . . . 3 Energy Cannon 2 | . . . . . . 2 Ballistic Gun 6 | 1 4 . . . . 1 Ballistic Cannon . | . . . . . . . Launcher . | . . . . . . . Special Weapon . | . . . . . . . Impact Weapon 1 | . . . . . . 1 Slashing Weapon 3 | . . . . . . 3 Piercing Weapon . | . . . . . . . Special Melee Weapon 1 | . . . . . . 1 Unidentified Prototypes 3 | . . . . . . 3 Parts Lost 22 | . 1 . . . . 21 Power 2 | . . . . . . 2 Propulsion 12 | . . . . . . 12 Utility 5 | . . . . . . 5 Weapon 3 | . 1 . . . . 2 Highest Loss Streak 10 | . 1 . . . . 10 To Critical Strikes . | . . . . . . . Average Slot Usage (%) 92 | . 98 100 98 100 100 84 Engine 10 | . 14 11 10 11 11 7 Leg 1 | . . . . . . 3 Wheel 6 | . 28 . . . . . Hover 18 | . . 33 32 33 33 15 Flight 3 | . . . . . . 7 Device 11 | . 12 11 11 11 11 12 Storage 8 | . 14 11 11 11 11 4 Processor 7 | . . 11 11 11 11 8 Protection 2 | . . . . . . 7 Energy Gun 2 | . 2 . . . . 5 Energy Cannon 1 | . . . . . . 2 Ballistic Gun 14 | . 25 22 22 22 22 1 Slashing Weapon 1 | . . . . . . 4 Peak Build Rating 25 | 6 11 15 16 16 16 25 Average Rating 15 | 3 9 14 14 16 16 20 On Entrance 11 | . 6 11 15 16 16 16 Naked Turns . | . . . . . . . Heaviest Build 28 | 14 18 18 18 18 18 28 Greatest Support 28 | 26 26 21 21 21 21 28 Greatest Overweight (x) 6 | . . . . . . 6 Average Overweight (x) . | . . . . . . . Largest Inventory Capacity 10 | 8 8 8 8 8 8 10 Average Capacity 7 | 6 8 8 8 8 8 7 Most Carried 10 | 6 8 8 8 8 8 10 Average Carried 7 | 4 7 6 6 7 8 6 Final Capacity 8 | 8 8 8 8 8 8 5 Final Carried 8 | 6 8 6 8 8 8 3 Class Distribution -------------------- 88% | Mutant 5% | Scavenger-Mutant 5% | Scavenger-Sprinter Dominant Class ---------------- Mutant | -10/Materials Mutant | -9/Materials Mutant | -9/Mines Mutant | -9/Exiles Mutant | -8/Mines Mutant | -8/Materials Resources | -11 -10 -9 -9 -9 -8 -8 ----------- Run | Yrd Mat Mat Min Exi Min Mat Matter Collected 682 | 241 169 69 50 . 54 99 Remotely . | . . . . . . . Salvage Created 874 | . 250 40 100 . 54 430 Parts 41 | . 17 4 5 . . 15 Haulers Intercepted 1 | . . . . . . 1 Recyclers Shooed 1 | . 1 . . . . . Parts Field Recycled . | . . . . . . . Retrieved Matter . | . . . . . . . Parts Self-Destructed . | . . . . . . . Prevented . | . . . . . . . Kills | -11 -10 -9 -9 -9 -8 -8 ------- Run | Yrd Mat Mat Min Exi Min Mat Combat Hostiles Destroyed 20 | . 5 3 2 . 1 9 Melee 4 | . . . . . . 4 Guns 14 | . 5 3 2 . 1 3 Cannons 2 | . . . . . . 2 Classes Destroyed 10 | . 5 . 1 . 1 3 Worker 3 | . 2 . . . . 1 Hauler 1 | . . . . . . 1 Recycler 1 | . 1 . . . . . Watcher 2 | . 2 . . . . . Swarmer 9 | . 3 3 . . . 3 Grunt 6 | . 2 . 1 . . 3 Brawler 1 | . . . . . . 1 Duelist 1 | . . . 1 . . . Sentry 2 | . . . . . . 2 Hunter 1 | . . . . . 1 . Best Kill Streak 9 | . 9 3 1 . 1 4 Combat Bots Only 5 | . 5 3 1 . 1 4 Max Kills in Single Turn 3 | . 3 2 1 . 1 1 Gunslinging . | . . . . . . . Exploded . | . . . . . . . Melee 1 | . . . . . . 1 Uniques/NPCs Destroyed . | . . . . . . . Combat | -11 -10 -9 -9 -9 -8 -8 -------- Run | Yrd Mat Mat Min Exi Min Mat Hostile Shots Fired 295 | . 51 8 16 . 15 205 Missed 95 | . 15 3 6 . 7 64 Damage Taken 2485 | . 306 30 144 . 101 1904 Core 613 | . 35 . . . 17 561 Absorbed by Shields 307 | . 120 12 53 . 39 83 Redirected to Shielding 41 | . . . . . . 41 Core Remaining (%) 93 | 100 86 . . . 95 . Volleys Fired 77 | . 20 4 14 . 6 33 Largest 2 | . 2 2 2 . 2 2 Hottest 91 | . 63 46 46 . 46 91 Shots Fired 125 | . 40 8 28 . 12 37 Gun 105 | . 40 8 28 . 12 17 Cannon 20 | . . . . . . 20 Launcher . | . . . . . . . Special . | . . . . . . . Kinetic 90 | . 38 8 28 . 12 4 Thermal 33 | . . . . . . 33 Explosive . | . . . . . . . Electromagnetic 2 | . 2 . . . . . Robot Hit Streak 6 | . 5 4 4 . 3 6 Robot Miss Streak 5 | . 5 2 3 . 1 4 Penetration Max . | . . . . . . . Secondary Targets 2 | . 1 1 . . . . Max Gunslinging Chain 1 | . 1 1 . . . . Shots Hit Robots 85 | . 22 4 18 . 8 33 Core Hits 38 | . 11 3 4 . 4 16 Critical Kills 1 | . 1 . . . . . Critical Parts Destroyed . | . . . . . . . Critical Strikes 3 | . 1 . . . . 2 Destroy 1 | . 1 . . . . . Sever 2 | . . . . . . 2 Melee Attacks 37 | . . . . . . 37 Impact 11 | . . . . . . 11 Slashing 26 | . . . . . . 26 Piercing . | . . . . . . . Sneak Attacks 1 | . . . . . . 1 Combat Hostiles . | . . . . . . . Follow-up Attacks . | . . . . . . . Damage Inflicted 1908 | . 675 75 263 . 104 791 Guns 860 | . 342 75 263 . 90 90 Cannons 288 | . . . . . . 288 Explosions 326 | . 326 . . . . . Melee 413 | . . . . . . 413 Ramming 21 | . 7 . . . 14 . Kinetic 768 | . 314 75 263 . 90 26 Thermal 678 | . 326 . . . . 352 Explosive . | . . . . . . . Electromagnetic 28 | . 28 . . . . . Impact . | . . . . . . . Slashing 413 | . . . . . . 413 Piercing . | . . . . . . . Highest Corruption 6 | . . . . . . 6 Average Corruption 6 | . . . . . . 6 Corruption Purged . | . . . . . . . Corruption Blocked . | . . . . . . . Overload Shots . | . . . . . . . Overflow Damage 56 | . 56 . . . . . Projectiles . | . . . . . . . Explosions 56 | . 56 . . . . . Melee . | . . . . . . . Knockbacks . | . . . . . . . Impact . | . . . . . . . Kinetic . | . . . . . . . Secondary . | . . . . . . . Self-Inflicted Damage 88 | . 82 . . . 6 . Shots 1 | . 1 . . . . . Rammed 5 | . 2 . . . 3 . Targets Rammed 5 | . 2 . . . 3 . Kicked . | . . . . . . . Crushed . | . . . . . . . Highest Temperature 129 | . 30 . . . . 129 Average Temperature 35 | . 11 . . . . 49 Received Heat Transfer 1021 | . 70 . 24 . . 927 Siege Activations . | . . . . . . . Robots Corrupted . | . . . . . . . Combat Hostiles . | . . . . . . . Parts Fried . | . . . . . . . Impact Corruptions . | . . . . . . . Robots Melted . | . . . . . . . Combat Hostiles . | . . . . . . . Parts Melted 2 | . . . . . . 2 Heat Transferred 953 | . 250 . . . . 703 Parts Sabotaged . | . . . . . . . Parts Stolen . | . . . . . . . Parts Stripped . | . . . . . . . Power Chain Reactions . | . . . . . . . Alert | -11 -10 -9 -9 -9 -8 -8 ------- Run | Yrd Mat Mat Min Exi Min Mat Peak Influence 266 | . 266 211 147 . 90 239 Initial 111 | . . 111 82 . . 35 Average 120 | . 187 141 115 . 56 106 Maximum Alert Level 1 | . 1 1 . . . 1 Low Security (%) 74 | 100 31 81 100 . 100 85 Level 1 25 | . 68 18 . . . 14 Level 2 . | . . . . . . . Level 3 . | . . . . . . . Level 4 . | . . . . . . . Level 5 . | . . . . . . . High Security . | . . . . . . . Max Security . | . . . . . . . Squads Dispatched 2 | . . . . . . 2 Investigation . | . . . . . . . Extermination . | . . . . . . . Reinforcement 2 | . . . . . . 2 Assault . | . . . . . . . Garrison . | . . . . . . . Intercept . | . . . . . . . Searches Triggered . | . . . . . . . Construction Impeded . | . . . . . . . Haulers Reinforced . | . . . . . . . Active Scanning Responses . | . . . . . . . Cargo Convoy Interrupts . | . . . . . . . Stealth | -11 -10 -9 -9 -9 -8 -8 --------- Run | Yrd Mat Mat Min Exi Min Mat Distress Signals 4 | . 1 . . . . 3 Communications Jammed . | . . . . . . . Distress Signals . | . . . . . . . Times Spotted 49 | . 9 7 2 . 4 27 Peak Tracking Total 9 | . 7 4 2 . 3 9 Tactical Retreats 7 | . 1 . . . 1 5 Traps | -11 -10 -9 -9 -9 -8 -8 ------- Run | Yrd Mat Mat Min Exi Min Mat Traps Triggered . | . . . . . . . Indirectly . | . . . . . . . Trap Hack Attempts . | . . . . . . . Triggered . | . . . . . . . Disarmed . | . . . . . . . Reprogrammed . | . . . . . . . Reused . | . . . . . . . Traps Extracted . | . . . . . . . Installed . | . . . . . . . Triggered . | . . . . . . . Machines | -11 -10 -9 -9 -9 -8 -8 ---------- Run | Yrd Mat Mat Min Exi Min Mat Machines Disabled 6 | . 3 1 1 . . 1 Max in Single Turn 3 | . 3 1 1 . . 1 Machines Repaired . | . . . . . . . Machines Dismantled . | . . . . . . . Machines Sabotaged . | . . . . . . . Overloaded Fab Kills . | . . . . . . . Hacking | -11 -10 -9 -9 -9 -8 -8 --------- Run | Yrd Mat Mat Min Exi Min Mat Machines Accessed 7 | . 1 1 . 2 . 3 Terminals 4 | . 1 1 . . . 2 Fabricators . | . . . . . . . Repair Stations 1 | . . . . . . 1 Recycling Units . | . . . . . . . Scanalyzers . | . . . . . . . Garrison Access . | . . . . . . . Total Hacks 10 | . 1 1 . 2 . 6 Successful 7 | . 1 1 . 2 . 3 Failed 3 | . . . . . . 3 Catastrophic . | . . . . . . . Database Lockouts . | . . . . . . . Manual 8 | . 1 1 . 1 . 5 Terminals 7 | . 1 1 . . . 5 Fabricators . | . . . . . . . Repair Stations 1 | . . . . . . 1 Recycling Units . | . . . . . . . Scanalyzers . | . . . . . . . Garrison Access . | . . . . . . . Terminal Hacks 2 | . . . . 2 . . Record 1 | . . . . 1 . . Derelict Proto ID Bank 1 | . . . . 1 . . Fabricator Hacks . | . . . . . . . Repair Station Hacks 1 | . . . . . . 1 Refit 1 | . . . . . . 1 Recycling Unit Hacks . | . . . . . . . Scanalyzer . | . . . . . . . Garrison Access Hacks . | . . . . . . . Unauthorized Hacks 4 | . 1 1 . . . 2 Terminals 4 | . 1 1 . . . 2 Botnet 4 | . 1 1 . . . 2 Fabricators . | . . . . . . . Repair Stations . | . . . . . . . Recycling Units . | . . . . . . . Scanalyzers . | . . . . . . . Garrison Access . | . . . . . . . Data Cores Recovered . | . . . . . . . Used . | . . . . . . . Hacking Detections 2 | . 1 . . . . 1 Full Trace Events . | . . . . . . . Feedback Events . | . . . . . . . Feedback Blocked . | . . . . . . . Robot Schematics Acquired . | . . . . . . . Robots Built . | . . . . . . . Authchips . | . . . . . . . Time . | . . . . . . . Total Robot Build Rating . | . . . . . . . Part Schematics Acquired . | . . . . . . . Parts Built . | . . . . . . . Authchips . | . . . . . . . Time . | . . . . . . . Total Part Build Rating . | . . . . . . . Parts Repaired . | . . . . . . . Time . | . . . . . . . Parts Recycled . | . . . . . . . Recycled Matter . | . . . . . . . Retrieved Matter . | . . . . . . . Retrieved Components . | . . . . . . . Parts Scanalyzed . | . . . . . . . Part Schematics Acquired . | . . . . . . . Parts Damaged . | . . . . . . . Bothacking | -11 -10 -9 -9 -9 -8 -8 ------------ Run | Yrd Mat Mat Min Exi Min Mat Used RIF Installer . | . . . . . . . Robots Hacked . | . . . . . . . Non-combat . | . . . . . . . Combat . | . . . . . . . Robot Hacks Applied . | . . . . . . . Relay Couplers Released . | . . . . . . . Fabnet Peak Effective % . | . . . . . . . Robots Rewired . | . . . . . . . Allies Hacked . | . . . . . . . Hacks Repelled . | . . . . . . . Allies | -11 -10 -9 -9 -9 -8 -8 -------- Run | Yrd Mat Mat Min Exi Min Mat Total Allies . | . . . . . . . Largest Group . | . . . . . . . Highest-Rated Group . | . . . . . . . Highest-Rated Ally . | . . . . . . . Total Orders . | . . . . . . . Ally Attacks . | . . . . . . . Total Damage . | . . . . . . . Kills . | . . . . . . . Allies Corrupted . | . . . . . . . Allies Melted . | . . . . . . . Intel | -11 -10 -9 -9 -9 -8 -8 ------- Run | Yrd Mat Mat Min Exi Min Mat Robot Analysis Total . | . . . . . . . Derelict Logs Recovered 1 | . . . 1 . . . Drone Launches . | . . . . . . . Drone Recoveries . | . . . . . . . Exploration | -11 -10 -9 -9 -9 -8 -8 ------------- Run | Yrd Mat Mat Min Exi Min Mat Turns Passed 1469 | 59 334 64 121 196 129 566 Spaces Moved 1604 | 55 259 90 140 374 195 491 Core 18 | 17 . . . . . 1 Treads . | . . . . . . . Legs 46 | . . . . . . 46 Wheels 304 | 38 259 . . . . 7 Hover 1104 | . . 90 140 374 195 305 Flight 132 | . . . . . . 132 Fastest Speed 29 | 50 90 52 52 52 52 29 Average Speed 62 | 77 90 52 52 52 52 61 Slowest Speed 360 | 90 90 52 56 52 52 360 Overloaded Moves . | . . . . . . . Propulsion Burnouts . | . . . . . . . Robots Hopped . | . . . . . . . Cave-ins Triggered 1 | . . . . . . 1 Exploration Rate (%) 36 | 3 46 13 17 86 46 47 Regions Visited 6 Branch Regions 3 Pre-discovered Areas 1 | . . . 1 . . . Known Exits Taken 4 | . . 1 1 1 1 . Unknown Exits Taken 2 | 1 1 . . . . . Scrap Searched . | . . . . . . . Spaces Dug 19 | . . . . . . 19 Terrain Destroyed 67 | . 48 . . . . 19 Melee 19 | . . . . . . 19 Projectile . | . . . . . . . AOE 48 | . 48 . . . . . Terrain Rammed . | . . . . . . . Walls Destroyed . | . . . . . . . Machines Disabled . | . . . . . . . Actions | -11 -10 -9 -9 -9 -8 -8 --------- Run | Yrd Mat Mat Min Exi Min Mat Total 1894 | 69 322 97 159 375 210 662 Wait 45 | . 18 . . . 7 20 Move 1598 | 54 258 89 139 373 194 491 Hop . | . . . . . . . Pick Up 43 | 9 9 . 4 1 . 20 Fast Attach 16 | 3 2 . . . . 11 Attach 19 | 3 . 2 2 . . 12 Detach . | . . . . . . . Swap 20 | . 4 2 . . . 14 Drop 34 | . 9 . . 1 . 24 Fire 77 | . 20 4 14 . 6 33 Melee 37 | . . . . . . 37 Ram 5 | . 2 . . . 3 . Kick . | . . . . . . . Crush . | . . . . . . . Escape Stasis . | . . . . . . . Rewire . | . . . . . . . Trap . | . . . . . . . Miscellaneous . | . . . . . . . Route ------- -11/Scrapyard -10/Materials (discovered 2 exits: *Mat / [*Min]) -9/Materials -9/Mines -9/Exiles -8/Mines -8/Materials History --------- Turn | Location | Event 5 | -11/Scrapyard | Discovered new exit (range 16) 60 | -11/Scrapyard | Entered Materials 302 | -10/Materials | Discovered new exit (range 7) 318 | -10/Materials | Build established: Mutant 368 | -10/Materials | Discovered new exit (range 7) 394 | -10/Materials | Entered another Materials area 394 | -9/Materials | Evolved 2 slots: Propulsion x1, Utility x1 431 | -9/Materials | Discovered new exit (range 16) 457 | -9/Materials | Identified exit to Mines 458 | -9/Materials | Entered Mines 511 | -9/Mines | Learned location of Storage (-7) 518 | -9/Mines | Deemed a non-threat by the Exiles lab entrance 519 | -9/Mines | Discovered new exit (range 5) 554 | -9/Mines | Learned Materials garrison access intel 579 | -9/Mines | Identified exit to Exiles 579 | -9/Mines | Entered Exiles 592 | -9/Exiles | Met 8R-AWN 601 | -9/Exiles | Met EX-HEX 617 | -9/Exiles | Met EX-BIN 624 | -9/Exiles | Aligned with FarCom system 624 | -9/Exiles | Given EX-Vault access code 637 | -9/Exiles | Opened EX-Vault 641 | -9/Exiles | Found Skeleton Box 661 | -9/Exiles | Warned to stay clear of 0b10 Research branches 675 | -9/Exiles | Met EX-DEC 696 | -9/Exiles | Visited The Gauntlet 768 | -9/Exiles | Discovered new exit (range 14) 774 | -9/Exiles | Identified exit to Mines 775 | -9/Exiles | Left Exiles lab with Skeleton Box 775 | -9/Exiles | Entered Mines 901 | -8/Mines | Discovered new exit (range 9) 904 | -8/Mines | Identified exit to Materials 904 | -8/Mines | Entered Materials 904 | -8/Materials | Evolved 2 slots: Propulsion x1, Utility x1 905 | -8/Materials | Loaded intel: 1 garrison access location 1153 | -8/Materials | Lost 3 parts (3n) 1343 | -8/Materials | Lost 5 parts (4n1u) 1350 | -8/Materials | Core integrity fell below 50% 1446 | -8/Materials | Core integrity fell below 20% 1468 | -8/Materials | Crushed by falling debris 1470 | -8/Materials | Destroyed by G-47 Trooper with Particle Gun Last Messages --------------- 01436_ Connecting with Repair Station... >>Refit Scanning configuration... Attaching: Backup Power I x1 Backup Propulsion I x1 Backup Laser I x1 01437_ Wheel destroyed. 01442_ Adv. Beam Cannon destroyed. 01445_ K-01 Serf collects debris. 01452_ Lgt. Armor Plating destroyed. 01453_ Critical hit (Burn: +37). 01454_ K-01 Serf collects debris. 01467_ Backup Propulsion I destroyed. 01468_ The unstable cave ceiling collapses. 01468_ Crushed by falling debris. 01468_ Thermal Generator destroyed. 01468_ System corrupted by crushing effect (+2). 01468_ Cooling System destroyed. 01468_ System corrupted by crushing effect (+4). Map ----- +----------------------------------------------------+ | | | | | | | | | | | | | | | | | | | | | | | | | ???????###########????###########???? | | ???????# ! #????# #???? | | ???????# ! #????# #???? | | ???????# #????# """ #???? | | ???????# #????# """ #???? | | ???????#" """ #????# """ #???? | | ???????#T """ ###### " #???? | | ???????#" """ ##"""# " """ #???? | | ???????# ##"R"# %/ #???? | | ???????#####+######" "#####+#####???? | | ?????????# g ^ #?????? | | ?????????# gu #?????? | | ?????????###g#### ^ !! ####### | | ???????????#@#??# ^! | | ???????????## #?# | | ???????????#"##?# ^ | | ???????????"""??# ####+## | | ???????????"""??# #?????? | | ?????????? """ ?#^ #?????? | | ?????????? ?+ ![! #?????? | | ?????????# # ![ #?????? | | ?????????# [# [ ! #?????? | | ?????????######## #?????? | | ????????# #?????? | | ????????# #?????? | | ????????# #?????? | | ????????# #?????? | | ????????# " #???? | | ????????? ####### #?? ] | | ????????? # #% # | | ?????????? # % +%[ + !! | | ?????????? ?# " #=[ # !! | | ?????????? """ ?# """ # #?? % | | ??????????? """ ?# """ # #????## | | ??????????? ??? ??# # #?????? | | ????????????????????# # #?????? | | ????????????????????####### [ ####### | | ????????????????????# "!== | +----------------------------------------------------+ Best States ------------- Heat Dissipation 53 Energy Generation 18 Energy Capacity 310 Matter Stores 295 Matter Capacity 300 Sight Range 16 Terrain Scan Density 10 Base Temperature (-) 100 Armor Coverage 150 Core Shielding 20 Evasion (%) 64 Item Schematics ----------------- None Robot Schematics ------------------ None Fabricated ------------ Nothing Alien Tech Used ----------------- None Achievements -------------- None Challenges ------------ None Game ------ Seed AutogunAngularMegatreads Manual? 0 Play Time 00:26:33 Cumulative 173.6 hours Start 2024.10.08 @ 18:05:38 End 2024.10.08 @ 18:32:15 Sessions 1 Manual Loads 0 Difficulty Rogue Special Mode None Game No. 236 Rogue 236 Adventurer 0 Explorer 0 Win Type - Total 0 Types 0/0/0/0/0/0/0/0/0 Lore% 32 Gallery% 61 Achievement% 41 Wizard Run 0 Options --------- Layout 0 ASCII 0 Keyboard 0 Movement Mouse Keybinds 0 Fullscreen 1 Font 24/Smallcaps Map View 76x50 Zoom Use 0% Tactical HUD 1 Map Filters NONE Filters NONE Steam 1 RUN: 251cc17a-d160-4074-b9bb-5fd4accad03d